 Dungeon Crawl Stone Soup version 0.29-a0-321-gf1c400731a (webtiles) character file.

Game seed: 12698792210508299095

1346 Dabor the Fighter (level 8, -6/75 HPs)
             Began as a Gnoll Wanderer on Apr 4, 2022.
             Was a Believer of Elyvilon.
             Succumbed to a killer bee's poison
             ... on level 6 of the Dungeon.
             The game lasted 00:13:10 (5810 turns).

Dabor the Fighter (Gnoll Wanderer)                  Turns: 5810, Time: 00:13:10

Health: -6/75      AC:  5    Str: 12    XL:     8   Next: 62%
Magic:  3/14       EV: 12    Int: 12    God:    Elyvilon [**....]
Gold:   86         SH:  0    Dex: 13    Spells: 10/16 levels left

rFire   . . .      SeeInvis +   a - +4 shortbow
rCold   . . .      Faith    .   (shield currently unavailable)
rNeg    + . .      Spirit   +   w - +1 leather armour {rN+}
rPois   .          Reflect  .   (no helmet)
rElec   .          Harm     .   (no cloak)
rCorr   .          Rampage  .   (no gloves)
Will    .....                   D - +0 pair of boots
Stlth   ++........              z - amulet of guardian spirit
HPRegen 0.22/turn               h - ring of see invisible
MPRegen 0.14/turn               o - ring of wizardry

@: lethally poisoned (-6 -> -57)
A: fangs 1, strong nose, distributed training
a: Renounce Religion, Purification, Heal Other


You were on level 6 of the Dungeon.
You worshipped Elyvilon.
Elyvilon was pleased with you.
You visited 1 branch of the dungeon, and saw 7 of its levels.

You collected 268 gold pieces.
You spent 182 gold pieces at shops.

Inventory:

Hand Weapons
 a - a +4 shortbow (weapon)
 q - a +0 whip of venom
Missiles
 n - 6 poisoned darts
 y - 2 throwing nets
Armour
 r - a +2 chain mail of positive energy
 t - the -6 pair of gloves of Selaur {rPois rC+ rCorr Str+3}
   (You found it on level 3 of the Dungeon)

   Str:       It affects your strength (+3).
   rC:        It protects you from cold.
   rPois:     It protects you from poison.
   rCorr:     It protects you from acid and corrosion.
 w - a +1 leather armour of positive energy (worn)
 D - a +0 pair of boots (worn)
Jewellery
 h - a ring of see invisible (left hand)
 i - a ring of protection from fire
 o - a ring of wizardry (right hand)
 z - an amulet of guardian spirit (around neck)
 A - a +6 ring of intelligence
Wands
 u - a wand of polymorph (5)
 F - a wand of flame (13)
Scrolls
 b - 2 scrolls of identify
 d - 3 scrolls of teleportation
 e - a scroll of fog
 f - 2 scrolls of noise
 g - 2 scrolls of enchant armour
 j - a scroll of magic mapping
 p - 2 scrolls of fear
 B - a scroll of summoning {unknown}
Potions
 c - a potion of lignification
 k - 4 potions of curing
 l - 3 potions of haste
 m - 2 potions of might {unknown}
 s - a potion of resistance {unknown}
 v - 2 potions of heal wounds
 x - a potion of attraction {unknown}
 C - a potion of mutation {unknown}
 E - 2 potions of berserk rage {unknown}


   Skills:
 + Level 11.0 Fighting
 + Level 3.4 Short Blades
 + Level 3.4 Long Blades
 + Level 3.4 Axes
 + Level 3.4 Maces & Flails
 + Level 3.4 Polearms
 + Level 3.4 Staves
 + Level 3.4 Slings
 + Level 5.8 Bows
 + Level 4.3 Crossbows
 + Level 3.4 Throwing
 + Level 3.4 Armour
 + Level 3.4 Dodging
 + Level 3.4 Stealth
 + Level 3.4 Shields
 + Level 3.4 Unarmed Combat
 + Level 4.5 Spellcasting
 + Level 2.8 Conjurations
 + Level 2.8 Hexes
 + Level 2.8 Summonings
 + Level 2.8 Necromancy
 + Level 2.8 Translocations
 + Level 2.8 Transmutations
 + Level 2.8 Fire Magic
 + Level 2.8 Ice Magic
 + Level 2.8 Air Magic
 + Level 2.8 Earth Magic
 + Level 2.8 Poison Magic
 + Level 3.8 Invocations
 + Level 4.3 Evocations


You had 10 spell levels left.
You knew the following spells:

 Your Spells              Type           Power      Damage    Failure   Level
a - Portal Projectile     Hex/Tloc       18%        N/A       11%         3
b - Call Canine Familiar  Summ           9%         N/A       11%         3

Your spell library contained the following spells:

 Spells                   Type           Power      Damage    Failure   Level
 Leda's Liquefaction      Hex/Erth       4%         N/A       32%         4


Dungeon Overview and Level Annotations

Branches:
Dungeon (7/15)             Temple (0/1) D:6

Altars:
Ashenzari
Cheibriados
Dithmenos
Elyvilon
Gozag
Okawaru
Qazlal
Sif Muna
Wu Jian
The Shining One

Shops:
D:3 !   D:5 *[==   D:6 *


Innate Abilities, Weirdness & Mutations

You have very sharp teeth.
Your uncanny sense of smell can sniff out nearby items.
Your experience applies equally to all skills.


Message History

You shoot an arrow. The arrow hits the killer bee.
The killer bee is almost dead.
You feel sick. The killer bee barely misses you. x2
The killer bee stings you!
The killer bee stings you but does no damage.
The killer bee misses you.
A killer bee comes into view.
The killer bee stings you.
You are more poisoned.
The killer bee poisons you!
You shoot an arrow.
The arrow hits the killer bee but does no damage.
The killer bee is almost dead.
You feel very sick. The killer bee stings you.
A killer bee comes into view.
The killer bee misses you. The killer bee stings you.
You are more poisoned.
The killer bee poisons you! The killer bee stings you!
You are more poisoned.
The killer bee poisons you!
The killer bee stings you but does no damage.
You are too injured to fight recklessly!
You are too injured to fight recklessly!
You feel very sick. The killer bee stings you.
* * * LOW HITPOINT WARNING * * *
You are more poisoned.
The killer bee poisons you! The killer bee stings you.
* * * LOW HITPOINT WARNING * * *
You are more poisoned.
The killer bee poisons you! The killer bee barely misses you.
The killer bee stings you.
* * * LOW HITPOINT WARNING * * *
You are more poisoned.
The killer bee poisons you! The killer bee stings you.
* * * LOW HITPOINT WARNING * * *
The killer bee misses you.
You climb upwards.
You die...

.......# #...#.#.#.##......# ###.
.......# #..)#.#...##.#....## #.
...[...# #...#...####.......# #.
......<# #...##..# ###.....## ##
.......###...##..# #####.<# #
#######......###.# #..# #
#....#####)## #..# # #....#
##..y# #..# # #....#
#..@y#########..# # ###########
#...y...........#### #.........#
#.###..............# #.........#
#.# #.........####.#
#.........###.# #.........# #.#
##.............# #.........####.#
............#### #........<(....#
###.#######.######.........######
#.## #.....................#


You could see 3 killer bees.

Vanquished Creatures
  Eustachio (D:4)
  A water moccasin (D:6)
  A sky beast (D:6)
  2 bullfrogs
  A necrophage (D:6)
  3 scorpions (D:5)
  A nameless horror (D:6)
  A jelly (D:6)
  3 hounds
  3 orc priests
  Natasha (thrice) (D:3)
  An iguana (D:4)
  5 orc wizards
  4 gnolls
  6 adders
  A white imp (D:6)
  2 worms
  2 dart slugs
  19 orcs
  6 ball pythons
  4 bats
  5 endoplasms
  A giant cockroach (D:3)
  6 goblins
  8 hobgoblins
  14 jackals
  3 quokkas
  5 kobolds
  4 rats
116 creatures vanquished.

Vanquished Creatures (collateral kills)
  A shadow imp (D:5)
1 creature vanquished.

Grand Total: 117 creatures vanquished

Notes
Turn   | Place    | Note
-------+----------+-------------------------------------------
     0 | D:1      | Reached skill level 10 in Fighting
     0 | D:1      | Dabor the Gnoll Wanderer began the quest for the Orb.
     0 | D:1      | Dabor set off with the following items: a +3 shortbow, a +0
                  | hand crossbow, a potion of lignification, a +0 leather
                  | armour
     0 | D:1      | Reached XP level 1. HP: 29/29 MP: 4/4
   141 | D:1      | Reached XP level 2. HP: 36/36 MP: 5/5
   425 | D:1      | Found a faded altar of an unknown god.
   439 | D:1      | Reached XP level 3. HP: 42/42 MP: 7/7
   738 | D:2      | Learned a level 3 spell: Portal Projectile
   931 | D:2      | Reached skill level 1 in Invocations
  1572 | D:3      | Reached skill level 1 in Short Blades
  1572 | D:3      | Reached skill level 1 in Long Blades
  1572 | D:3      | Reached skill level 1 in Axes
  1572 | D:3      | Reached skill level 1 in Maces & Flails
  1572 | D:3      | Reached skill level 1 in Polearms
  1572 | D:3      | Reached skill level 1 in Staves
  1572 | D:3      | Reached skill level 1 in Slings
  1572 | D:3      | Reached skill level 1 in Throwing
  1572 | D:3      | Reached skill level 1 in Armour
  1572 | D:3      | Reached skill level 1 in Dodging
  1572 | D:3      | Reached skill level 1 in Stealth
  1572 | D:3      | Reached skill level 1 in Shields
  1572 | D:3      | Reached skill level 1 in Unarmed Combat
  1576 | D:3      | Reached XP level 4. HP: 43/48 MP: 8/8
  1770 | D:3      | Found a white marble altar of Elyvilon.
  1812 | D:3      | Noticed Natasha
  1816 | D:3      | Killed Natasha
  1817 | D:3      | Reached skill level 1 in Conjurations
  1817 | D:3      | Reached skill level 1 in Hexes
  1817 | D:3      | Reached skill level 1 in Summonings
  1817 | D:3      | Reached skill level 1 in Necromancy
  1817 | D:3      | Reached skill level 1 in Translocations
  1817 | D:3      | Reached skill level 1 in Transmutations
  1817 | D:3      | Reached skill level 1 in Fire Magic
  1817 | D:3      | Reached skill level 1 in Ice Magic
  1817 | D:3      | Reached skill level 1 in Air Magic
  1817 | D:3      | Reached skill level 1 in Earth Magic
  1817 | D:3      | Reached skill level 1 in Poison Magic
  1825 | D:3      | Identified the -6 pair of gloves of Selaur {rPois rC+ rCorr
                  | Str+3}
  1957 | D:3      | Noticed Natasha
  1963 | D:3      | Killed Natasha
  1964 | D:3      | Reached XP level 5. HP: 53/54 MP: 9/9
  2135 | D:3      | Noticed Natasha
  2173 | D:3      | Killed Natasha
  2306 | D:3      | Found Muyj's Distillery.
  2316 | D:3      | Bought a potion of curing for 33 gold pieces
  2316 | D:3      | Bought a potion of heal wounds for 55 gold pieces
  2379 | D:3      | Became a worshipper of Elyvilon the Healer
  2522 | D:4      | Noticed Eustachio
  2549 | D:4      | Killed Eustachio
  2550 | D:4      | Reached skill level 5 in Bows
  2550 | D:4      | Reached XP level 6. HP: 32/61 MP: 1/11
  3076 | D:4      | Reached XP level 7. HP: 39/67 MP: 12/12
  3257 | D:4      | Found a stormy altar of Qazlal.
  3290 | D:4      | Learned a level 3 spell: Call Canine Familiar
  3536 | D:5      | Entered Level 5 of the Dungeon
  3540 | D:5      | Reached * piety under Elyvilon
  3542 | D:5      | Found an iron altar of Okawaru.
  3577 | D:5      | Found a shimmering blue altar of Sif Muna.
  3614 | D:5      | Found Ruaxtaf's General Store.
  3661 | D:5      | Bought a scroll of identify for 30 gold pieces
  3861 | D:5      | Found an ornate altar of the Wu Jian Council.
  4503 | D:5      | Found Gukhlel's Jewellery Shoppe.
  4649 | D:5      | Found a shadowy altar of Dithmenos.
  4656 | D:5      | Found a snail-covered altar of Cheibriados.
  4685 | D:5      | Found Valasi's Jewellery Shop.
  4765 | D:5      | Found Yceuseth's Armour Boutique.
  4768 | D:5      | Bought a +0 pair of boots for 45 gold pieces
  4896 | D:6      | Reached XP level 8. HP: 69/74 MP: 3/14
  5079 | D:6      | Found a broken altar of Ashenzari.
  5099 | D:6      | Reached ** piety under Elyvilon
  5195 | D:6      | Found Vuojag's CLEARANCE SALE!.
  5211 | D:6      | Bought a scroll of identify for 4 gold pieces
  5211 | D:6      | Bought a wand of flame (13) for 15 gold pieces
  5277 | D:6      | Found an opulent altar of Gozag.
  5509 | D:6      | Reached skill level 11 in Fighting
  5566 | D:6      | Found a glowing golden altar of the Shining One.
  5629 | D:6      | Found a staircase to the Ecumenical Temple.
  5810 | D:6      | Succumbed to a killer bee's poison

Illustrated notes

Levels and vault maps discovered:
D:1:      spicycebolla_arrival_xxxplode, layout_loops_ring,
          basic_ecumenical_altar
D:2:      layout_basic
D:3:      layout_loops_ring, elyvilon_altar_4, serial_shops,
          nicolae_lakefront_shop, chequers_serial_rivers_room_b, uniq_natasha
D:4:      layout_cave_pools, nicolae_qazlal_general_emergency, uniq_eustachio
D:5:      layout_loops_ring, mainiacjoe_overflow_concentric_impassable,
          nicolae_overflow_hidden_temple, mainiacjoe_overflow_alcove_1,
          minitemple, serial_shops, nicolae_shop_behind_doors, shop,
          nicolae_stop_n_shop_1, kennysheep_mini
D:6:      layout_basic, mainiacjoe_overflow_brackets,
          mainiacjoe_overflow_cross_hatched,
          mainiacjoe_overflow_six_doors_small, temple_hall_moat,
          nicolae_shop_clearance
D:7:      layout_loops_ring, minmay_three_doors

Skill      XL: |  1  2  3  4  5  6  7  8 |
---------------+-------------------------+-----
Fighting       | 11 | 11.0
Invocations    | 1 2 3 |  3.8
Short Blades   | 1 2 3 |  3.4
Long Blades    | 1 2 3 |  3.4
Axes           | 1 2 3 |  3.4
Maces & Flails | 1 2 3 |  3.4
Polearms       | 1 2 3 |  3.4
Staves         | 1 2 3 |  3.4
Slings         | 1 2 3 |  3.4
Throwing       | 1 2 3 |  3.4
Armour         | 1 2 3 |  3.4
Dodging        | 1 2 3 |  3.4
Stealth        | 1 2 3 |  3.4
Shields        | 1 2 3 |  3.4
Unarmed Combat | 1 2 3 |  3.4
Spellcasting   | 3 4 |  4.5
Conjurations   | 1 2 |  2.8
Hexes          | 1 2 |  2.8
Summonings     | 1 2 |  2.8
Necromancy     | 1 2 |  2.8
Translocations | 1 2 |  2.8
Transmutations | 1 2 |  2.8
Fire Magic     | 1 2 |  2.8
Ice Magic      | 1 2 |  2.8
Air Magic      | 1 2 |  2.8
Earth Magic    | 1 2 |  2.8
Poison Magic   | 1 2 |  2.8
Crossbows      | 3 4 |  4.3
Evocations     | 3 4 |  4.3
Bows           | 5 |  5.8

Action                   |  1- 3 |  4- 6 |  7- 9 || total
-------------------------+-------+-------+-------++-------
Melee: Unarmed           |       |     5 |       ||     5
 Fire: Shortbow          |    83 |   142 |   161 ||   386
 Cast: Portal Projectile |       |     2 |     1 ||     3
       Call Canine Famil |       |       |     5 ||     5
  Use: Scroll            |       |     4 |     4 ||     8
Armor: Leather armour    |     7 |    24 |    32 ||    63
Dodge: Dodged            |    22 |    59 |    68 ||   149

Table legend: (Time is in decaauts)
 A = Elapsed time spent in this place.
 B = Non-inter-level travel time spent in this place.
 C = Inter-level travel time spent in this place.
 D = Time resting spent in this place.
 E = Time spent auto-exploring this place.
 F = Levels seen in this place.
 G = Mean time per level.
                   A        B        C        D        E       F      G
               +--------+--------+--------+--------+--------+-----+--------+
         Total |   5929 |   5647 |    282 |    234 |   4498 |   7 |  847.0 |
       Dungeon |   5929 |   5647 |    282 |    234 |   4498 |   7 |  847.0 |
               +--------+--------+--------+--------+--------+-----+--------+

Top non-repeatable levels by time:
     D:5: 1310 daAuts
     D:4: 1170 daAuts
     D:6: 990 daAuts
     D:2: 864 daAuts
     D:3: 851 daAuts
     D:1: 727 daAuts
     D:7: 15 daAuts
